 Dungeon Crawl Stone Soup version 0.25-a0-474-ga8a2ee3 (webtiles) character file.

Game seed: 10918450499941884526, levelgen mode: deterministic

893 15 the Skirmisher (level 7, -2/59 HPs)
             Began as a Centaur Warper on Feb 7, 2020.
             Slain by Grinder (6 damage)
             ... on level 5 of the Dungeon.
             The game lasted 00:15:27 (3977 turns).

15 the Skirmisher (Centaur Warper)                  Turns: 3977, Time: 00:15:27

Health: -2/59      AC:  7    Str: 19    XL:     7   Next: 78%
Magic:  11/11      EV: 10    Int: 12    God:
Gold:   183        SH:  0    Dex: 10    Spells: 1/11 levels left

rFire    + . .     SeeInvis .   x - +0 bardiche
rCold    . . .     Gourm    .   (shield currently unavailable)
rNeg     . . .     Faith    .   b - +0 leather armour
rPois    .         Spirit   .   u - +0 helmet
rElec    .         Reflect  .   w - +0 cloak
rCorr    .         Harm     .   (no gloves)
MR       .....                  (no barding)
Stlth    +.........             (no amulet)
HPRegen  0.19/turn              g - ring of protection from fire
MPRegen  0.12/turn              (no ring)

@: mighty, very quick
A: large, hooves 3, deformed body, speed 2, tough skin 3
a: no special abilities


You were on level 5 of the Dungeon.
You were not hungry.

You visited 1 branch of the dungeon, and saw 5 of its levels.
You also visited: Sewer.

You collected 183 gold pieces.

Inventory:

Hand Weapons
 j - a +2 vampiric hand axe
 l - a +0 dagger of holy wrath
 x - a +0 bardiche (weapon)
 y - a +5 antimagic flail
Missiles
 e - 5 boomerangs of dispersal (quivered)
 i - 17 arrows
Armour
 b - a +0 leather armour (worn)
 u - a +0 helmet (worn)
 w - a +0 cloak (worn)
Jewellery
 g - a ring of protection from fire (left hand)
Wands
 n - a wand of polymorph (6)
 o - a wand of digging (3)
 r - a wand of disintegration (12)
 v - a wand of paralysis (2)
Scrolls
 c - a scroll of fog
 d - 4 scrolls of blinking
 h - 4 scrolls of teleportation
 k - 3 scrolls of remove curse
 q - 3 scrolls of fear
 s - a scroll of identify
Potions
 m - 4 potions of curing
 z - a potion of brilliance
Comestibles
 f - 5 rations


   Skills:
 * Level 4.1 Fighting
 + Level 2.6(3.2) Axes
 + Level 2.2(2.8) Maces & Flails
 + Level 0.9(1.9) Polearms
 + Level 1.1 Throwing
 * Level 2.6 Armour
 * Level 3.1 Dodging
 + Level 0.2 Stealth
 + Level 1.1 Unarmed Combat
 * Level 2.9 Spellcasting
 * Level 3.3 Translocations
 * Level 1.2 Evocations


You had one spell level left.
You knew the following spells:

 Your Spells              Type           Power        Failure   Level  Hunger
a - Blink                 Tloc           N/A          11%         2    ###....
b - Shroud of Golubria    Chrm/Tloc      #.....       22%         2    ###....
c - Gell's Gravitas       Tloc           #.........   22%         3    ###....
d - Teleport Other        Tloc           #.......     22%         3    ###....

Your spell library contained the following spells:

 Spells                   Type           Power        Failure   Level  Hunger
 Magic Dart               Conj           #...         30%         1    #......
 Lesser Beckoning         Tloc           #.........   22%         3    ###....
 Call Imp                 Summ           #.......     41%         2    ###....
 Slow                     Hex            #.......     41%         2    ###....
 Passage of Golubria      Tloc           N/A          58%         4    #####..
 Conjure Flame            Conj/Fire      #.......     65%         3    ###....
 Mephitic Cloud           Conj/Pois/Air  #.......     65%         3    ###....


Dungeon Overview and Level Annotations

Branches:
Dungeon (5/15)              Sewer (visited)
 Temple: D:4-7

Altars:
Vehumet

Annotations:
D:5 Grinder


Innate Abilities, Weirdness & Mutations

You have hooves in place of feet.
Armour fits poorly on your strangely shaped body.
You cover ground very quickly.
You have extremely tough skin. (AC +3)


Message History

Grinder hits you but does no damage.
You can move again.
Unknown command.
Unknown command.
You closely miss Grinder. Your kick misses Grinder.
Grinder is heavily wounded.
The hound zombie barely misses you. Grinder hits you.
You writhe in agony.
* * * LOW HITPOINT WARNING * * *
The hound zombie barely misses you. The hound zombie completely misses you.
Grinder says, "FISH!"
Grinder hits you.
* * * LOW HITPOINT WARNING * * *
You writhe in agony.
* * * LOW HITPOINT WARNING * * *
You closely miss Grinder.
Grinder is heavily wounded.
The hound zombie barely misses you. Grinder hits you.
* * * LOW HITPOINT WARNING * * *
You writhe in agony.
You die...

......... ...
.......###...
...........#
#...........
#........... ...
###........# ....
##<..Z......## ....
#.....@....... ...##
###..##.5.#....#
....#####....#..........
.......#..##.#..........
.........###.#.#.#......
.......#..##.#.#.###....
...###.......#.#.. ....
..## ######....... ...
.## ###.


You could see Grinder and a hound zombie.

Vanquished Creatures
  Sigmund (D:2)
  Menkaure (D:5)
  Edmund (D:5)
  An ogre (D:2)
  A crimson imp (D:5)
  A hound (D:4)
  Crazy Yiuf (D:4)
  Ijyb (D:4)
  Natasha (thrice) (D:4)
  A worker ant (D:4)
  An iguana (D:4)
  8 adders
  2 oozes (D:3)
  4 worms
  4 dart slugs
  2 leopard geckos
  2 orcs
  4 ball pythons
  3 giant cockroaches
  3 hobgoblins
  12 jackals
  3 quokkas
  2 bats
  9 frilled lizards
  2 goblins (D:1)
  15 kobolds
  A quokka skeleton (D:4)
  7 rats
  2 fungi (D:4)
  4 plants (Sewer)
102 creatures vanquished.

Vanquished Creatures (others)
  2 hobgoblins (D:2)
  A kobold (D:2)
3 creatures vanquished.

Grand Total: 105 creatures vanquished

Notes
Turn   | Place    | Note
-------+----------+-------------------------------------------
     0 | D:1      | 15 the Centaur Warper began the quest for the Orb.
     0 | D:1      | Reached XP level 1. HP: 17/17 MP: 3/3
   313 | D:1      | Reached XP level 2. HP: 20/25 MP: 4/4
   708 | D:2      | Reached XP level 3. HP: 22/30 MP: 5/5
   754 | D:2      | Found a radiant altar of Vehumet.
  1211 | D:2      | Noticed an ogre
  1217 | D:2      | Killed an ogre
  1217 | D:2      | Reached skill level 1 in Axes
  1217 | D:2      | Reached skill level 1 in Armour
  1217 | D:2      | Reached XP level 4. HP: 37/37 MP: 5/7
  1221 | D:2      | Learned a level 2 spell: Blink
  1224 | D:2      | Learned a level 2 spell: Shroud of Golubria
  1228 | D:2      | Learned a level 3 spell: Gell's Gravitas
  1484 | D:2      | Reached XP level 5. HP: 41/44 MP: 8/8
  1550 | D:2      | Noticed Sigmund
  1565 | D:2      | Killed Sigmund
  1565 | D:2      | Reached skill level 3 in Fighting
  1565 | D:2      | Reached XP level 6. HP: 33/51 MP: 3/9
  1911 | D:3      | Found a faded altar of an unknown god.
  1969 | D:3      | Found a glowing drain.
  1988 | Sewer    | Entered a sewer
  3111 | D:4      | Noticed Natasha
  3126 | D:4      | Killed Natasha
  3152 | D:4      | Noticed Ijyb
  3165 | D:4      | Paralysed by Ijyb for 6 turns
  3174 | D:4      | Killed Ijyb
  3206 | D:4      | Noticed Natasha
  3211 | D:4      | Killed Natasha
  3243 | D:4      | Reached XP level 7. HP: 38/58 MP: 10/10
  3251 | D:4      | Learned a level 3 spell: Teleport Other
  3371 | D:4      | Reached skill level 1 in Unarmed Combat
  3438 | D:4      | Noticed Natasha
  3447 | D:4      | Killed Natasha
  3654 | D:4      | Found a runed translucent door.
  3655 | D:4      | Noticed Crazy Yiuf
  3665 | D:4      | Killed Crazy Yiuf
  3712 | D:5      | Entered Level 5 of the Dungeon
  3741 | D:5      | Noticed Edmund
  3751 | D:5      | Killed Edmund
  3941 | D:5      | Reached skill level 1 in Evocations
  3961 | D:5      | Noticed Grinder
  3966 | D:5      | Noticed Menkaure
  3971 | D:5      | Killed Menkaure
  3971 | D:5      | Reached skill level 4 in Fighting
  3971 | D:5      | Paralysed by Grinder for 5 turns
  3977 | D:5      | Slain by Grinder

Levels and vault maps discovered:
D:1:      mrwooster_arrival_statue, layout_loops_cross
D:2:      layout_basic, fiery_altar_vehumet, first_ration, uniq_sigmund
D:3:      layout_loops_ring, cheibrodos_sewer_entry_drain,
          chequers_ecumenical_altar_grove
D:4:      layout_cave_pools, uniq_natasha, uniq_crazy_yiuf_cottage, uniq_ijyb
D:5:      layout_rooms, hangedman_abyss_or_decor_lesser_grid,
          minmay_quadrilaterals, uniq_menkaure, uniq_edmund, uniq_grinder

Skill      XL: |  1  2  3  4  5  6  7 |
---------------+----------------------+-----
Maces & Flails | 2 |  2.2
Axes           | 1 2 |  2.6
Armour         | 1 2 |  2.6
Dodging        | 2 3 |  3.1
Spellcasting   | 2 |  2.9
Fighting       | 3 4 |  4.1
Translocations | 3 |  3.3
Unarmed Combat | 1 |  1.1
Evocations     | 1 |  1.2
Polearms       | |  0.9
Throwing       | |  1.1
Stealth        | |  0.2

Action                   |  1- 3 |  4- 6 |  7- 9 || total
-------------------------+-------+-------+-------++-------
Melee: Hand axe          |    70 |   224 |    48 ||   342
       Mace              |     9 |       |       ||     9
       Kick              |     6 |    71 |    22 ||    99
       Unarmed           |       |    12 |       ||    12
       Scythe            |       |     4 |     8 ||    12
       Bardiche          |       |       |    34 ||    34
       Punch             |       |       |     1 ||     1
 Cast: Gell's Gravitas   |       |     2 |       ||     2
  Use: Scroll            |     2 |     4 |       ||     6
       Potion            |     2 |     4 |     3 ||     9
 Stab: Invisible         |       |       |     1 ||     1
  Eat: Chunk             |       |     6 |     3 ||     9
Armor: Leather armour    |    36 |    35 |    27 ||    98
Dodge: Dodged            |    48 |    72 |    59 ||   179

Table legend:
 A = Non-vault XP
 B = Vault XP
 C = Vault XP percentage of total XP
 D = Non-vault monster count
 E = Vault monster count
 F = Vault count percentage of total count
                 A         B        C        D         E       F
            +---------+---------+-------+---------+---------+-------
      Total |     533 |     744 |  58.3 |      64 |      32 |  33.3
            +---------+---------+-------+---------+---------+-------
        D:1 |      21 |       0 |   0.0 |      15 |       0 |   0.0
        D:2 |     191 |     223 |  53.9 |      19 |       1 |   5.0
        D:3 |      68 |       9 |  11.7 |      15 |       2 |  11.8
        D:4 |     205 |     112 |  35.3 |      13 |       3 |  18.8
        D:5 |      48 |     326 |  87.2 |       2 |       2 |  50.0
      Sewer |       0 |      74 | 100.0 |       0 |      24 | 100.0
            +---------+---------+-------+---------+---------+-------
